 Dungeon Crawl Stone Soup version 0.18-a0-1784-ga939a68 (webtiles) character file.

1598 wvc the Basher (level 8, -3/74 HPs)
             Began as a Troll Monk on Apr 18, 2016.
             Was an Elder of Okawaru.
             Slain by an ogre
             ... wielding a +0 giant club
              (30 damage)
             ... on level 5 of the Dungeon.
             The game lasted 00:09:18 (4121 turns).

wvc the Basher (Troll Monk)                         Turns: 4121, Time: 00:09:19

Health: -3/74      AC:  5    Str: 22    XL:     8   Next: 62%
Magic:  7/7        EV: 10    Int:  6    God:    Okawaru [****..]
Gold:   329        SH:  0    Dex: 14    Spells: 0 memorised, 7 levels left

rFire  . . .     SeeInvis .     o - +0 giant spiked club
rCold  . . .     Gourm    +     a - +1 robe
rNeg   . . .     Faith    .     (shield currently unavailable)
rPois  .         Spirit   .     (helmet restricted)
rElec  .         Dismiss  .     (no cloak)
rCorr  .         Reflect  .     (gloves unavailable)
SustAt .         Harm     .     (boots unavailable)
MR     .....                    (no amulet)
Stlth  ++........               (no ring)
                                (no ring)

@: not resistant to hostile enchantments, unstealthy
A: unfitting armour, antennae 1, claws 3, blurry vision 1, deformed body, fast
metabolism 3, gourmand, regeneration 2, shaggy fur 1, strong 1, tough skin 2
a: Heroism, Renounce Religion


You were on level 5 of the Dungeon.
You worshipped Okawaru.
Okawaru was greatly pleased with you.
You were full.

You visited 1 branch of the dungeon, and saw 5 of its levels.
You also visited: Sewer.

You collected 329 gold pieces.

Inventory:

Hand Weapons
 j - a +0 blowgun
 m - a +0 flail
 o - a +0 giant spiked club (weapon)
Missiles
 i - 62 poisoned needles
 n - 2 large rocks (quivered)
Armour
 a - a +1 robe (worn)
 l - a +0 shield
Magical Staves
 w - an uncursed staff of wizardry
Wands
 k - a wand of digging (10/24)
 v - a wand of flame (25/48)
 x - a wand of teleportation (5/9)
Scrolls
 e - 2 scrolls of remove curse
 p - 2 scrolls of teleportation
 q - a scroll of fog
Potions
 d - 6 potions of heal wounds
 f - 5 potions of might
 g - 3 potions of agility
 h - 2 potions of flight
 r - 4 potions of curing
 s - a potion of haste
Comestibles
 b - 8 bread rations
 c - 3 beef jerkies
 t - a meat ration
 u - 4 fruits


   Skills:
 - Level 2.4 Fighting
 + Level 9.6 Maces & Flails
 - Level 2.4 Dodging
 - Level 1.1 Stealth
 - Level 4.9 Unarmed Combat


You had 7 spell levels left.
You didn't know any spells.

Dungeon Overview and Level Annotations

Branches:
Dungeon (5/15)
 Temple: D:4-7

Altars:
Cheibriados
Dithmenos
Elyvilon
Kikubaaqudgha
Makhleb
Okawaru
Pakellas
Qazlal
Ru
Vehumet


Innate Abilities, Weirdness & Mutations

You are too large for most types of armour.
You have claws for hands.
Your metabolism is lightning-fast.
You like to eat raw meat.
You heal very quickly.
You are covered in fur (AC +1).
You have very tough skin (AC +2).
You have a pair of small antennae on your head.
Scrolls take you a little longer to read.
Armour fits poorly on your strangely shaped body.
Your muscles are strong. (Str +2)


Message History

You bludgeon the giant gecko skeleton!!
You destroy the giant gecko skeleton!
No target in view!
No target in view!
b - 8 bread rations (gained 1)
You see here 18 stones.
An ogre comes into view. It is wielding a giant club.
An ogre is nearby!
The ogre shouts!
The ogre completely misses you.
You barely miss the ogre. The ogre barely misses you.
You barely miss the ogre. The ogre hits you with a giant club.
You barely miss the ogre. The ogre hits you with a giant club!!
You puncture the ogre!
The ogre is heavily wounded.
The ogre hits you with a giant club!!
You barely miss the ogre.
The ogre is heavily wounded.
The ogre hits you with a giant club!!
You die...

### #.# ###.# (...# ##### ###.#
###.O.# # #.# #..@#.# ### # #.#
#.#.#.# #.. # #.###
######.#.#.############..
###...###......#.#.#.............
##..#.....######.#.#.....####.##.
...#.#.........#...#......# #.##.
..#...#....(...#####..#######.##.
.#.._..#..............#..........
#.......#.........###.#.#####....


You could see an ogre.

Vanquished Creatures
  Eustachio (D:5)
  The ghost of JetFlynn the Ruffian, an amateur VSMo (D:3)
  3 ice beasts
  A phantom (D:4)
  2 ogres
  3 big kobolds (Sewer)
  Blork the orc (D:5)
  A giant frog (D:5)
  A crimson imp (D:4)
  A centaur skeleton (D:5)
  4 orc wizards
  An iguana (D:4)
  A worker ant (D:4)
  A hound skeleton (D:5)
  A river rat (D:3)
  9 adders
  3 oozes
  3 worms
  6 dart slugs
  6 giant geckos
  17 orcs
  5 ball pythons
  5 giant cockroaches
  9 goblins
  6 hobgoblins
  5 jackals
  20 kobolds
  2 quokkas (D:2)
  9 bats
  A giant gecko skeleton (D:5)
  5 giant newts
  10 rats
144 creatures vanquished.

Vanquished Creatures (others)
  A rat (D:2)
1 creature vanquished.

Grand Total: 145 creatures vanquished

Notes
Turn   | Place    | Note
--------------------------------------------------------------
     0 | D:1      | wvc the Troll Monk began the quest for the Orb.
     0 | D:1      | Reached XP level 1. HP: 22/22 MP: 0/0
   102 | D:1      | Reached XP level 2. HP: 28/29 MP: 1/1
   437 | D:1      | Found an iron altar of Okawaru.
   464 | D:1      | Became a worshipper of Warmaster Okawaru
   464 | D:1      | Reached * piety under Okawaru
   464 | D:1      | Reached ** piety under Okawaru
   553 | D:1      | Reached XP level 3. HP: 36/36 MP: 2/2
   684 | D:2      | Reached skill level 1 in Maces & Flails
   914 | D:2      | Reached skill level 2 in Maces & Flails
   928 | D:2      | Reached XP level 4. HP: 43/44 MP: 3/3
  1101 | D:2      | Found a stormy altar of Qazlal.
  1279 | D:3      | Noticed JetFlynn's ghost (amateur VSMo)
  1301 | D:3      | Killed JetFlynn's ghost
  1301 | D:3      | Reached skill level 4 in Maces & Flails
  1301 | D:3      | Reached XP level 5. HP: 20/50 MP: 1/4
  1327 | D:3      | Found an ancient bone altar of Kikubaaqudgha.
  1463 | D:3      | Found a glowing drain.
  1467 | Sewer    | Entered a sewer
  1653 | Sewer    | Reached skill level 5 in Maces & Flails
  1653 | Sewer    | Reached XP level 6. HP: 50/59 MP: 5/5
  2115 | D:3      | Found a sacrificial altar of Ru.
  2204 | D:3      | Reached skill level 6 in Maces & Flails
  2548 | D:4      | Reached XP level 7. HP: 66/66 MP: 6/6
  2589 | D:4      | Reached *** piety under Okawaru
  2785 | D:4      | Found a white marble altar of Elyvilon.
  2817 | D:4      | Reached skill level 7 in Maces & Flails
  2997 | D:4      | Found a snail-covered altar of Cheibriados.
  2999 | D:4      | Found a burning altar of Makhleb.
  3000 | D:4      | Found a radiant altar of Vehumet.
  3156 | D:4      | Found a shadowy altar of Dithmenos.
  3299 | D:5      | Entered Level 5 of the Dungeon
  3330 | D:5      | Gained mutation: Armour fits poorly on your strangely shaped body. [potion of mutation]
  3330 | D:5      | Gained mutation: Your muscles are strong. (Str +2) [potion of mutation]
  3330 | D:5      | Gained mutation: Your mind is acute. (Int +2) [potion of mutation]
  3455 | D:5      | Reached skill level 8 in Maces & Flails
  3455 | D:5      | Reached XP level 8. HP: 66/74 MP: 7/7
  3464 | D:5      | Reached **** piety under Okawaru
  3734 | D:5      | Found an oddly glowing altar of Pakellas.
  3740 | D:5      | Noticed Eustachio
  3751 | D:5      | Killed Eustachio
  3751 | D:5      | Reached skill level 9 in Maces & Flails
  3837 | D:5      | Gained mutation: You have a pair of small antennae on your head. [potion of mutation]
  3837 | D:5      | Gained mutation: Scrolls take you a little longer to read. [potion of mutation]
  3837 | D:5      | Lost mutation: Your mind is acute. (Int +2) [potion of mutation]
  3950 | D:5      | Noticed Blork the orc
  3963 | D:5      | Killed Blork the orc
  4121 | D:5      | Slain by an ogre

Vault maps used:
D:1:      wheals_arrival_linesprint, okawaru_ov_weapons_minmay
D:2:      nicolae_qazlal_eye_of_the_storm
D:3:      nicolae_overflow_crystal_walls, old_standard_altar,
          gup_sewer_entry_bowl
D:4:      grunt_temple_overflow_lords_of_destruction, overflow_temple_1_default,
          elyvilon_altar_5, grunt_dithmenos_shadows, first_bread,
          eino_curves_02, minmay_surrounded
D:5:      grunt_pakellas_sulfur, serial_co_window_serial,
          co_window_of_opportunity_a, co_window_paths_b,
          co_window_of_opportunity_a, co_window_cross_1, co_window_paths_a,
          co_window_of_opportunity_b, co_window_broadway_a, co_window_paths_c,
          co_window_of_opportunity_c, co_window_of_opportunity_b,
          co_window_corner_b, glass_columns_a, glass_columns_a, glass_columns_a,
          glass_columns_b, glass_columns_a, feat_on_display, uniq_eustachio,
          uniq_blork_the_orc
Sewer:    kennysheep_pipe_town

Skill      XL: |  1  2  3  4  5  6  7  8 |
---------------+-------------------------+-----
Maces & Flails | 2 4 5 6 8 9 |  9.6
Fighting       | |  2.4
Dodging        | |  2.4
Stealth        | |  1.1
Unarmed Combat | |  4.9

Action                   |  1- 3 |  4- 6 |  7- 9 || total
-------------------------+-------+-------+-------++-------
Melee: Unarmed           |    83 |   188 |       ||   271
       Punch             |     1 |     4 |     3 ||     8
       Mace              |       |    34 |    60 ||    94
       Giant club        |       |       |    48 ||    48
       Giant spiked club |       |       |    38 ||    38
Invok: Heroism           |       |     1 |       ||     1
  Use: Scroll            |       |    11 |     5 ||    16
       Potion            |       |     1 |     3 ||     4
 Stab: Sleeping          |     4 |     2 |     3 ||     9
       Invisible         |       |     4 |       ||     4
  Eat: Chunk             |    10 |    18 |    13 ||    41
Armor: Robe              |    35 |    82 |    28 ||   145
Dodge: Dodged            |    41 |   128 |    77 ||   246
